Build Order

Get SALT Encoding   

  14  0:16  Supply Depot  
  15  0:38  Barracks  
  16  0:43  Refinery  Scout now
  19  1:27  Reaper, Orbital Command  
  20  1:42  Command Center  
  21  1:59  Supply Depot  
  22  2:00  Reaper  
  23  2:21  Factory  
  24  2:32  Marine  
  26  2:43  Command Center  
  27  2:50  Barracks Reactor  
  27  2:55  Orbital Command  
  28  3:01  Refinery  
  28  3:07  Hellion  
  30  3:17  Starport  
  34  3:29  Factory Tech Lab  
  44  3:48  Cyclone  
  46  4:03  Orbital Command  
  50  4:10  Viking  
  52  4:15  Engineering Bay x2  FLEXIBLE
  53  4:20  Refinery x2  FLEXIBLE
  55  4:25  Barracks Tech Lab  FLEXIBLE, Starport on Reactor of Rax
  57  4:30  Barracks x2  FLEXIBLE
Spawning Tool Build Advisor. Get it on Overwolf

Go to:

Details

  • Created by: crashpoint
  • Published on: Aug 15, 2016
  • Modified on: Aug 23, 2016
  • Patch: Pre-3.8.0
Show
View Real Time Build Order
Export as new Build Order

Comments (1)

On Aug. 27, 2016, 2:22 p.m., PilotedShred  said:

isnt this greedy for tvt?

Create an account to comment!